 Dungeon Crawl Stone Soup version 0.18-a0-987-g0b0e4e7 (webtiles) character file.

28 tof the Insei (level 3, 0/29 HPs)
             Began as a Demonspawn Monk on Jan 3, 2016.
             Was a Believer of Cheibriados.
             Slain by an adder (2 damage)
             ... on level 2 of the Dungeon.
             The game lasted 00:04:00 (1249 turns).

tof the Insei (Demonspawn Monk)                     Turns: 1249, Time: 00:04:01

Health: 0/29       AC:  3    Str: 15 (17) XL:     3   Next: 0%
Magic:  12/12      EV: 14    Int: 15      God:    Cheibriados [**....]
Gold:   110        SH:  0    Dex: 20      Spells: 0 memorised, 2 levels left

rFire  . . .     SeeInvis .     a - +0 dagger
rCold  . . .     Gourm    .     e - +0 robe
rNeg   . . .     Faith    .     (no shield)
rPois  .         Spirit   .     (no helmet)
rElec  .         Dismiss  .     (no cloak)
rCorr  .         Reflect  .     l - +0 pair of gloves
SustAt .         Harm     .     (no boots)
MR     .....                    (no amulet)
Stlth  ++........               i - +2 ring of strength
                                h - ring of magical power

@: lethally poisoned (0 -> -8), very slow, not resistant to hostile
enchantments, unstealthy
A: demonic guardian 1, powered by pain 1
a: Bend Time, Renounce Religion


You were on level 2 of the Dungeon.
You worshipped Cheibriados.
Cheibriados was pleased with you.
You were not hungry.

You visited 1 branch of the dungeon, and saw 2 of its levels.

You collected 110 gold pieces.

Inventory:

Hand Weapons
 a - a +0 dagger (weapon)
Missiles
 f - 7 poisoned needles
Armour
 e - a +0 robe (worn)
 l - a +0 pair of gloves (worn)
Jewellery
 h - a ring of magical power (left hand)
 i - a +2 ring of strength (right hand)
Scrolls
 d - 2 scrolls of teleportation {unknown}
 j - a scroll of identify {unknown}
 k - a scroll of magic mapping {unknown}
 m - a scroll of fog {unknown}
 o - a scroll of blinking {unknown}
 r - a scroll of random uselessness {unknown}
Comestibles
 b - 3 bread rations
 g - 3 fruits
 n - 3 meat rations
 q - a chunk of flesh


   Skills:
 + Level 3.1 Fighting
 * Level 0.6 Short Blades
 + Level 3.2 Dodging
 * Level 2.0 Stealth
 + Level 3.7 Unarmed Combat


You had 2 spell levels left.
You didn't know any spells.

Dungeon Overview and Level Annotations

Branches:
Dungeon (2/15)

Altars:
Cheibriados
Gozag
Trog
The Shining One


Innate Abilities, Weirdness & Mutations

A weak demonic guardian rushes to your aid.
You sometimes gain a little power by taking damage.


Message History

That item cannot be evoked!
You bump into the rock wall.
* * * LOW HITPOINT WARNING * * *
You feel sick. The adder bites you.
* * * LOW HITPOINT WARNING * * *
The adder bites you.
* * * LOW HITPOINT WARNING * * *
You are more poisoned.
The adder poisons you!
You feel less invigorated.
You feel less confused.
You feel sick. The adder bites you.
* * * LOW HITPOINT WARNING * * *
The adder misses you. The adder bites you.
* * * LOW HITPOINT WARNING * * *
* * * LOW HITPOINT WARNING * * *
You feel sick. The adder closely misses you. The adder bites you.
You die...

#.# #..#.##.##...######. #. #.#
#............# #. ###.#
#...........## ### #. ....#
#.##.##.###.# #.. #. ###.#
#....##.# #.# #.# #.
....#######.#####.# #.# #.# #.
............# #.# #.# #.####.
.#.####.###.#####.###.#####.#....
...# #.....@S............_.. .#.#
#######†#####...#.#.... .#.# ...
#......##### .#.#
##.##........... .#.#
<##......##### ##.# ###...#.# #.#
#####.# ... [.# .##


You could see an adder.

Vanquished Creatures
  4 giant geckos
  2 giant cockroaches (D:1)
  A goblin (D:1)
  3 hobgoblins
  3 jackals (D:1)
  2 bats (D:1)
  A giant newt (D:2)
  4 kobolds
  2 rats (D:1)
22 creatures vanquished.

Notes
Turn   | Place    | Note
--------------------------------------------------------------
     0 | D:1      | tof the Demonspawn Monk began the quest for the Orb.
     0 | D:1      | Reached XP level 1. HP: 18/18 MP: 1/1
   198 | D:1      | Gained mutation: You sometimes gain a little power by taking damage. [demonic ancestry]
   198 | D:1      | Reached XP level 2. HP: 17/24 MP: 2/2
   894 | D:2      | Found a glowing golden altar of the Shining One.
   894 | D:2      | Found a bloodstained altar of Trog.
   929 | D:2      | Found a snail-covered altar of Cheibriados.
   937 | D:2      | Became a worshipper of Cheibriados the Contemplative
   937 | D:2      | Reached * piety under Cheibriados
   937 | D:2      | Reached ** piety under Cheibriados
   981 | D:2      | Found an opulent altar of Gozag.
  1221 | D:2      | Gained mutation: A weak demonic guardian rushes to your aid. [demonic ancestry]
  1221 | D:2      | Reached XP level 3. HP: 19/29 MP: 3/3
  1249 | D:2      | Slain by an adder

Vault maps used:
D:1:      roderic_crossed_star
D:2:      nicolae_gozag_seed_capital, gammafunk_temple_overflow_wave,
          cheibriados_altar_1

Action                   || total
-------------------------++-------
Melee: Dagger            ||   110
       Unarmed           ||     4
  Use: Potion            ||     3
 Stab: Sleeping          ||     5
  Eat: Chunk             ||     1
